AoeStats
← Marin.

Marketplace

504259571Analyzed
1v1 RM · 28d ago on Sep 4, 2026· 16m 26s· 2 players
Game mode
Random Map
Map size
Tiny (2 player)
Population
200
Speed
Normal
Resources
Standard
Victory
Conquest
Starting age
Dark Age
Ending age
Imperial Age
RankedLock teamsTeams togetherTeam positionsShared explorationLock speedFull tech treeHidden civsTurbo modeCheats
Victory
Defeat
🇨🇦 Romans · Canada
1088
+14
🇪🇸 Slavs · Spain
1052
-14
Marin.
5:03 Loom
10:57 Feudal Age
StrangeThing4
9:48 Feudal Age
10:25 Double-Bit Axe
10:31 Horse Collar
10:32 Man-at-Arms
12:45 Scale Mail Armor
14:29 Loom
15:45 Fletching
Connection lost

Rejoining the realm…

Still unreachable

The connection could not be restored.

Session expired

The server has moved on; the page needs a fresh start.